 Dungeon Crawl Stone Soup version 0.20.1-1-g8b1a95d (webtiles) character file.

1523 juanjsm the Covert (level 8, -2/40 HPs)
             Began as a Spriggan Enchanter on Nov 28, 2017.
             Was a Believer of Okawaru.
             Killed from afar by an electric eel (6 damage)
             ... with a bolt of electricity
             ... on level 7 of the Dungeon.
             The game lasted 00:34:42 (5732 turns).

juanjsm the Covert (Spriggan Enchanter)             Turns: 5732, Time: 00:34:43

Health: -2/40      AC:  5    Str:  4    XL:     8   Next: 54%
Magic:  17/17      EV: 23    Int: 18    God:    Okawaru [**....]
Gold:   324        SH:  0    Dex: 21    Spells: 6/18 levels left

rFire    . . .     SeeInvis +   F - +0 dagger (speed)
rCold    . . .     Gourm    .   (shield restricted)
rNeg     . . .     Faith    .   b - +0 robe
rPois    .         Spirit   .   (helmet restricted)
rElec    .         Reflect  .   g - +2 cloak
rCorr    .         Harm     .   (gloves unavailable)
MR       +....                  (boots unavailable)
Stlth    ++++......             (no amulet)
Regen    0.2/turn               s - +4 ring of dexterity
MPRegen  0.2/turn               (no ring)

@: very quick
A: unfitting armour, see invisible, herbivore 3, speed 3, slow metabolism 2
a: Heroism, Renounce Religion


You were on level 7 of the Dungeon.
You worshipped Okawaru.
Okawaru was pleased with you.
You were not hungry.

You visited 2 branches of the dungeon, and saw 8 of its levels.

You collected 324 gold pieces.

Inventory:

Hand Weapons
 a - a +1 dagger
 D - a +3 quarterstaff of chaos
 F - a +0 dagger of speed (weapon)
 H - a +3 falchion
Missiles
 w - 8 needles of confusion
 B - a throwing net (quivered)
Armour
 b - a +0 robe (worn)
 g - a +2 cloak (worn)
Jewellery
 m - the ring "Ashub" {+Blink rPois rF+ rN+ MP+9, unknown}
   (You found it on level 7 of the Dungeon)

   [ring of positive energy]

   It protects you from fire.
   It protects you from poison.
   It protects you from negative energy.
   It affects your magic capacity (+9).
   It lets you blink.
 s - a +4 ring of dexterity (left hand)
Wands
 l - a wand of random effects (12/48)
 t - a wand of polymorph (11/24)
 v - a wand of flame (23/48)
 y - a wand of iceblast (5/15)
 A - a wand of confusion (23/48)
Scrolls
 e - 9 scrolls of remove curse
 f - a scroll of immolation {unknown}
 i - 4 scrolls of amnesia
 k - 5 scrolls of teleportation
 q - a scroll of enchant armour {unknown}
 C - a scroll of enchant weapon {unknown}
Potions
 h - a potion of agility {unknown}
 j - a potion of curing
 n - 2 potions of magic
 o - 4 potions of might
 p - a potion of heal wounds {unknown}
 r - a potion of flight
 x - a potion of haste {unknown}
Books
 c - a book of Maledictions

   Spells                             Type                      Level
   a - Corona                         Hexes                        1
   b - Ensorcelled Hibernation        Hexes/Ice                    2
   c - Confuse                        Hexes                        3
   d - Tukima's Dance                 Hexes                        3
   e - Dazzling Spray                 Conjuration/Hexes            3
 E - a book of Necromancy

   Spells                             Type                      Level
   a - Pain                           Necromancy                   1
   b - Animate Skeleton               Necromancy                   1
   c - Vampiric Draining              Necromancy                   3
   d - Regeneration                   Charms/Necromancy            3
   e - Animate Dead                   Necromancy                   4
   f - Control Undead                 Necromancy                   4
 G - a book of Battle

   Spells                             Type                      Level
   a - Infusion                       Charms                       1
   b - Shroud of Golubria             Charms/Translocation         2
   c - Song of Slaying                Charms                       2
   d - Spectral Weapon                Hexes/Charms                 3
   e - Regeneration                   Charms/Necromancy            3
Comestibles
 d - 7 bread rations
 u - 2 fruits


   Skills:
 + Level 3.4 Fighting
 + Level 4.4 Short Blades
 + Level 6.2 Dodging
 + Level 8.5 Stealth
 + Level 5.7 Spellcasting
 + Level 6.6 Hexes
 + Level 1.7 Charms


You had 6 spell levels left.
You knew the following spells:

 Your Spells              Type           Power        Failure   Level  Hunger
a - Corona                Hex            ####...      1%          1    None
b - Ensorcelled Hibernat  Hex/Ice        ###...       4%          2    None
c - Confuse               Hex            ####....     2%          3    ##.....
d - Dazzling Spray        Conj/Hex       ###...       10%         3    ##.....
e - Regeneration          Chrm/Necr      #.........   26%         3    ##.....


Dungeon Overview and Level Annotations

Branches:
Dungeon (7/15)             Temple (1/1) D:4

Altars:
Cheibriados
Dithmenos
Elyvilon
Fedhas
Hepliaklqana
Kikubaaqudgha
Makhleb
Nemelex Xobeh
Okawaru
Qazlal
Ru
Sif Muna
Trog
Xom
Yredelemnul
Zin


Innate Abilities, Weirdness & Mutations

You are very small and have problems with some larger weapons.
You are too small for most types of armour.
You have supernaturally acute eyesight. (SInv)
You are a herbivore.
You cover ground extremely quickly.
You need consume almost no food.


Message History

The electric eel completely resists.
The bolt of electricity misses you.
You feel better.
The electric eel shoots out a bolt of lightning at you!
The bolt of electricity hits you! x2
* * * LOW HITPOINT WARNING * * *
The bolt of electricity hits the electric eel.
The electric eel completely resists.
The bolt of electricity hits the sky beast.
The sky beast completely resists.
The electric eel shoots out a bolt of lightning at you!
The bolt of electricity hits the sky beast.
The sky beast completely resists.
The bolt of electricity hits the electric eel.
The electric eel completely resists.
The bolt of electricity misses you. The bolt of electricity hits you!
* * * LOW HITPOINT WARNING * * *
The electric eel shoots out a bolt of lightning at you!
The bolt of electricity hits the electric eel.
The electric eel completely resists.
The bolt of electricity hits you!
You die...

.. . .≈≈#. .##
##.≈≈≈#≈≈≈.#..###
##≈≈#≈≈≈≈≈≈#≈#...##
#≈≈≈F≈#≈≈≈≈#≈≈....#
.≈≈≈≈≈≈≈≈≈≈≈≈≈.##.#
≈≈≈≈≈#≈≈≈≈≈≈≈≈≈#..#
≈≈≈≈≈≈≈≈≈#≈;≈≈Y;@#
F≈≈.≈≈...≈≈..≈≈#.#
≈≈.).(.<....)#≈†.#
≈≈...≈...#≈≈.#≈≈##
≈≈≈#≈≈≈≈#;≈.≈≈≈≈#
≈≈≈≈≈;≈≈;≈≈≈≈≈≈##
.≈#≈≈≈≈≈≈≈≈≈≈≈.#
#≈≈≈≈≈≈≈≈≈≈≈≈≈..#
..≈≈≈≈#≈≈≈≈≈≈#.##


You could see a sky beast and 3 electric eels.

Vanquished Creatures
  The ghost of Ymberto the Cudgeler, a novice HuFi of Okawaru (D:4)
  Sigmund (D:2)
  Menkaure (D:5)
  An orc warrior (D:6)
  An ice beast (D:5)
  A sky beast (D:4)
  2 wights (D:6)
  A crimson imp (D:5)
  An orc priest (D:6)
  Crazy Yiuf (D:5)
  An iguana (D:6)
  3 worker ants
  Ijyb (D:5)
  Natasha (twice) (D:2)
  4 orc wizards
  A killer bee zombie (D:5)
  2 hound zombies
  7 adders
  A shadow imp (D:5)
  2 oozes
  2 worms
  A dart slug (D:7)
  3 leopard geckos
  11 orcs
  3 giant cockroaches
  5 goblins
  6 hobgoblins
  6 jackals
  7 kobolds
  A ball python (D:2)
  4 bats
  6 frilled lizards
  A leopard gecko skeleton (D:4)
  A quokka zombie (D:5)
  8 rats
100 creatures vanquished.

Notes
Turn   | Place    | Note
-------+----------+-------------------------------------------
     0 | D:1      | juanjsm the Spriggan Enchanter began the quest for the Orb.
     0 | D:1      | Reached XP level 1. HP: 9/9 MP: 5/5
   220 | D:1      | Reached XP level 2. HP: 6/13 MP: 5/7
   243 | D:1      | Learned a level 2 spell: Ensorcelled Hibernation
   563 | D:1      | Reached skill level 5 in Stealth
   732 | D:2      | Reached XP level 3. HP: 7/17 MP: 3/8
   738 | D:2      | Learned a level 3 spell: Confuse
  1206 | D:2      | Noticed Natasha
  1279 | D:2      | Noticed Sigmund
  1594 | D:2      | Reached skill level 1 in Fighting
  1663 | D:2      | Reached XP level 4. HP: 22/22 MP: 4/9
  1668 | D:2      | Learned a level 3 spell: Dazzling Spray
  1687 | D:2      | Killed Sigmund
  1687 | D:2      | Reached XP level 5. HP: 26/26 MP: 3/11
  2122 | D:2      | Killed Natasha
  2122 | D:2      | Reached skill level 6 in Stealth
  2122 | D:2      | Reached XP level 6. HP: 26/30 MP: 5/13
  2135 | D:2      | Noticed Natasha
  2147 | D:2      | Killed Natasha
  2406 | D:3      | Noticed an orc warrior
  2882 | D:4      | Noticed a sky beast
  2887 | D:4      | Killed a sky beast
  2887 | D:4      | Reached skill level 5 in Hexes
  2933 | D:4      | Found a staircase to the Ecumenical Temple.
  2939 | Temple   | Entered the Ecumenical Temple
  2994 | Temple   | Became a worshipper of Warmaster Okawaru
  3184 | D:4      | Noticed Ymberto's ghost (novice HuFi)
  3660 | D:4      | Killed Ymberto's ghost
  3660 | D:4      | Reached skill level 5 in Dodging
  3660 | D:4      | Reached skill level 7 in Stealth
  3660 | D:4      | Reached XP level 7. HP: 20/35 MP: 11/15
  3672 | D:5      | Entered Level 5 of the Dungeon
  3846 | D:5      | Noticed Ijyb
  3853 | D:5      | Killed Ijyb
  3886 | D:5      | Reached * piety under Okawaru
  3986 | D:5      | Reached skill level 5 in Spellcasting
  4120 | D:5      | Noticed Menkaure
  4151 | D:5      | Killed Menkaure
  4151 | D:5      | Reached XP level 8. HP: 40/40 MP: 9/16
  4316 | D:5      | Found a runed door.
  4636 | D:5      | Noticed Crazy Yiuf
  4640 | D:5      | Killed Crazy Yiuf
  4702 | D:6      | Learned a level 3 spell: Regeneration
  4764 | D:6      | Reached skill level 8 in Stealth
  5247 | D:6      | Reached skill level 1 in Charms
  5659 | D:6      | Reached ** piety under Okawaru
  5719 | D:7      | Got a crude marble ring
  5732 | D:7      | Killed from afar by an electric eel

Skill      XL: |  1  2  3  4  5  6  7  8 |
---------------+-------------------------+-----
Spellcasting   | 3 4 5 |  5.7
Hexes          | 4 5 6 |  6.6
Stealth        | 5 6 7 8 |  8.5
Fighting       | 1 2 3 |  3.4
Short Blades   | 2 3 4 |  4.4
Dodging        | 4 5 6 |  6.2
Charms         | 1 |  1.7

Action                   |  1- 3 |  4- 6 |  7- 9 || total
-------------------------+-------+-------+-------++-------
Melee: Dagger            |    99 |    79 |   171 ||   349
 Cast: Corona            |     8 |       |     2 ||    10
       Ensorcelled Hiber |    24 |    21 |    29 ||    74
       Confuse           |       |    17 |    17 ||    34
       Dazzling Spray    |       |     2 |     3 ||     5
  Use: Scroll            |       |     3 |     5 ||     8
       Potion            |       |       |     1 ||     1
 Stab: Sleeping          |    24 |    16 |    16 ||    56
       Confused          |       |    11 |    12 ||    23
       Invisible         |       |       |     1 ||     1
  Eat: Royal jelly       |       |     2 |     1 ||     3
       Fruit             |       |       |     1 ||     1
Armor: Robe              |    22 |     2 |    10 ||    34
Dodge: Dodged            |    72 |    37 |   122 ||   231
